 Dungeon Crawl Stone Soup version 0.17-a0-1210-g1e4f09d (webtiles) character file.

1080 xsansara the Basher (level 8, -9/78 HPs)
             Began as an Ogre Abyssal Knight on June 4, 2015.
             Was a Believer of Lugonu.
             Mangled by a phantom (10 damage)
             ... on level 6 of the Dungeon.
             The game lasted 00:11:29 (5788 turns).

xsansara the Basher (Ogre Abyssal Knight)           Turns: 5788, Time: 00:11:29

Health: -9/78      AC:  6    Str: 18    XL:     8   Next: 29%
Magic:  9/9        EV:  7    Int: 13    God:    Lugonu [**....]
Gold:   328        SH:  6    Dex:  9    Spells: 0 memorised, 7 levels left

rFire  + . .     SeeInvis .     o - +8 rapier of Suicidal Tendencies {freeze, +Fly}
rCold  + . .     Clarity  .     b - +0 robe
rNeg   . . .     SustAt   .     v - +0 shield
rPois  .         Gourm    .     (helmet restricted)
rElec  .         Spirit   .     O - +2 cloak
rCorr  +         Warding  .     (gloves unavailable)
rMut   .         Stasis   .     (boots unavailable)
MR     .....                    N - amulet of resist corrosion
Stlth  +.........               g - ring of protection from cold
                                f - ring of protection from fire

@: not resistant to hostile enchantments, very unstealthy
A: unfitting armour, tough skin 1
a: Depart the Abyss, Bend Space, Renounce Religion, Evoke Flight


You were on level 6 of the Dungeon.
You worshipped Lugonu.
Lugonu was pleased with you.
You were not hungry.

You visited 1 branch of the dungeon, and saw 6 of its levels.
You visited the Abyss 1 time.

You collected 328 gold pieces.

Inventory:

Hand weapons
 a - a +1 mace
 o - the +8 rapier of Suicidal Tendencies (weapon) {freeze, +Fly}
   (You found it on level 4 of the Dungeon)

   It has been specially enchanted to freeze those struck by it, causing extra
   injury to most foes and up to half again as much damage against particularly
   susceptible opponents.
   It can also slow down cold-blooded creatures.
   It lets you fly.
 p - a +4 whip
 z - a +0 blowgun
 D - a cursed -1 flail
Missiles
 i - 7 silver tomahawks (quivered)
 B - 14 poisoned needles
 G - 7 tomahawks
Armour
 b - a +0 robe (worn)
 v - a +0 shield (worn)
 O - a +2 cloak (worn)
Jewellery
 f - a ring of protection from fire (left hand)
 g - a ring of protection from cold (right hand)
 H - an uncursed amulet of resist mutation
 N - an amulet of resist corrosion (around neck)
Magical devices
 t - a wand of random effects (31)
 u - a wand of flame (34)
Scrolls
 d - a scroll of noise {unknown}
 k - a scroll of fog
 x - 3 scrolls of teleportation {unknown}
 y - 2 scrolls of remove curse {unknown}
 A - a scroll of immolation {unknown}
 C - 2 scrolls of recharging
 F - a scroll of enchant weapon {unknown}
 J - a scroll of amnesia {unknown}
 K - 2 scrolls of identify
Potions
 e - 2 potions of curing
 h - 2 potions of flight
 j - a potion of cure mutation {unknown}
 l - 3 potions of heal wounds
 n - 2 potions of magic
 q - 2 potions of poison {unknown}
 r - a potion of mutation {unknown}
 s - a potion of cancellation {unknown}
 w - a potion of invisibility {unknown}
 E - 4 potions of resistance {unknown}
 Q - a potion of lignification {unknown}
Comestibles
 c - 2 bread rations
 m - 4 meat rations
 I - 2 slices of pizza
 L - 4 fruits
 M - a beef jerky
 P - a chunk of flesh


   Skills:
 - Level 4.0 Fighting
 + Level 12.3 Maces & Flails
 - Level 2.1 Dodging
 - Level 2.0 Invocations


You had 7 spell levels left.
You didn't know any spells.

Dungeon Overview and Level Annotations

Branches:
Dungeon (6/15)             Temple (0/1) D:6

Altars:
Gozag
Makhleb
Nemelex Xobeh
Trog


Innate Abilities, Weirdness & Mutations

You are too large for most types of armour.
You have tough skin (AC +1).


Message History

The ogre is moderately wounded.
The ogre hits you with a giant club!
You puncture the ogre! You freeze the ogre.
The ogre is almost dead.
The ogre hits you with a giant club!!
* * * LOW HITPOINT WARNING * * *
You puncture the ogre! You freeze the ogre.
You kill the ogre!
Lugonu accepts your kill.
You barely miss the phantom. The phantom hits you.
* * * LOW HITPOINT WARNING * * *
Evoke which item? (* to show all) (? for menu, Esc to quit)
Zapping:
t - a wand of random effects {zapped: 2} (will waste charges)
Press: ? - help, Shift-Dir - straight line, f - phantom
Aim: a phantom The phantom flickers and vanishes!
Deactivating autopickup; reactivate with Ctrl-A.
Evoking this partially-identified wand wasted a few charges.
Something hits you!
You die...

........# #.#
#######(###.#
######...##.##
#............#
#.####...##..#
#.# ##.###<.#
####.# #.#
#..# #..(.#
#.# #....
#@#### #.#
##.## #{# #.#
.# #.# #.# .#
#)# #. .. #.#
.. #...#
.......
........#
P........#


There were no monsters in sight!

Vanquished Creatures
  Grinder (D:3)
  The ghost of Chiseanne the Ruffian, an average DrTm (D:4)
  2 ice beasts
  An ogre (D:6)
  The ghost of HEYYEYAAE the Gusty, an average HuAE (D:4)
  2 scorpions
  A crimson imp (D:5)
  A jelly (D:5)
  An orc wizard (D:5)
  An iguana (D:5)
  A killer bee zombie (D:5)
  A hound skeleton (D:4)
  3 gnolls (D:4)
  2 adders
  An ooze (D:3)
  3 worms
  An adder skeleton (D:4)
  2 giant geckos
  10 orcs
  3 ball pythons
  3 giant cockroaches
  10 hobgoblins
  4 quokkas
  7 bats
  4 giant newts
  6 goblins
  7 kobolds
  11 rats
91 creatures vanquished.

Notes
Turn   | Place    | Note
--------------------------------------------------------------
     0 | Abyss:1  | xsansara the Ogre Abyssal Knight began the quest for the Orb.
     0 | Abyss:1  | Reached XP level 1. HP: 24/24 MP: 2/2
    54 | D:1      | Escaped the Abyss
   462 | D:1      | Reached XP level 2. HP: 32/32 MP: 3/3
   926 | D:2      | Acquired Lugonu's second power
  1104 | D:2      | Found an opulent altar of Gozag.
  1105 | D:2      | Found a sparkling altar of Nemelex Xobeh.
  1120 | D:2      | Reached XP level 3. HP: 3/39 MP: 4/4
  1405 | D:3      | Reached skill level 5 in Maces & Flails
  2181 | D:3      | Noticed Grinder
  2198 | D:3      | Killed Grinder
  2198 | D:3      | Reached skill level 8 in Maces & Flails
  2198 | D:3      | Reached XP level 4. HP: 7/48 MP: 5/5
  2198 | D:3      | Reached XP level 5. HP: 7/54 MP: 6/6
  2198 | D:3      | Reached XP level 6. HP: 8/62 MP: 7/7
  2947 | D:4      | Got a pitted rapier
  2956 | D:4      | Identified the +8 rapier of Suicidal Tendencies {freeze, +Fly} (You found it on level 4 of the Dungeon)
  3005 | D:4      | Noticed Chiseanne's ghost (average DrTm)
  3008 | D:4      | Noticed HEYYEYAAE's ghost (average HuAE)
  3015 | D:5      | Entered Level 5 of the Dungeon
  3210 | D:5      | Acquired Lugonu's third power
  3316 | D:5      | Reached skill level 9 in Maces & Flails
  4082 | D:5      | Reached XP level 7. HP: 56/70 MP: 8/8
  4578 | D:5      | Found a bloodstained altar of Trog.
  4646 | D:5      | Reached skill level 10 in Maces & Flails
  4773 | D:4      | Killed HEYYEYAAE's ghost
  4843 | D:4      | Killed Chiseanne's ghost
  4843 | D:4      | Reached skill level 11 in Maces & Flails
  5273 | D:4      | Reached XP level 8. HP: 69/78 MP: 9/9
  5650 | D:4      | Found a burning altar of Makhleb.
  5650 | D:4      | Noticed an Executioner
  5653 | D:4      | Noticed a ynoxinul
  5653 | D:4      | Noticed a smoke demon
  5770 | D:6      | Found a staircase to the Ecumenical Temple.
  5779 | D:6      | Reached skill level 12 in Maces & Flails
  5782 | D:6      | HP: 2/78 [ogre/giant club (24)]
  5787 | D:6      | HP: 1/78 [phantom (2)]
  5788 | D:6      | Mangled by a phantom

Vault maps used:
D:1:      lightli_arrival_statue_moat
D:2:      grunt_temple_overflow_opulence
D:3:      uniq_grinder
D:4:      serial_curves, eino_curves_03, eino_curves_01, first_bread,
          mrwooster_statue_mirror, makhleb_altar_promises_db
D:5:      lemuel_coloured_pillars_altar
D:6:      minmay_temple_entry_overgrown

Action                   |  1- 3 |  4- 6 |  7- 9 || total
-------------------------+-------+-------+-------++-------
Melee: Mace              |   127 |    30 |       ||   157
       Rapier            |       |    56 |    93 ||   149
       Whip              |       |     3 |       ||     3
Throw: Tomahawk          |       |     1 |       ||     1
Evoke: Wand              |     1 |     1 |     1 ||     3
  Use: Potion            |     1 |     1 |       ||     2
       Scroll            |       |     5 |       ||     5
 Stab: Sleeping          |     2 |       |       ||     2
       Paralysed         |     9 |       |       ||     9
       Distracted        |       |     1 |       ||     1
  Eat: Chunk             |     4 |     4 |     3 ||    11
       Bread ration      |       |     1 |       ||     1
